 Dungeon Crawl Stone Soup version 0.20-a0-1122-gb7cbeb9 (webtiles) character file.

25 Kurtz the Skirmisher (level 2, 0/24 HPs)
             Began as a Mummy Abyssal Knight on May 13, 2017.
             Was a Follower of Lugonu.
             Slain by a quokka (2 damage)
             ... on level 1 of the Dungeon.
             The game lasted 00:01:08 (1119 turns).

Kurtz the Skirmisher (Mummy Abyssal Knight)         Turns: 1119, Time: 00:01:09

Health: 0/24       AC:  3    Str: 15    XL:     2   Next: 86%
Magic:  3/3        EV: 11    Int: 11    God:    Lugonu [*.....]
Gold:   53         SH:  0    Dex: 11    Spells: 1/1 levels left

rFire    x . .     SeeInvis .   a - +1 mace
rCold    + . .     Gourm    .   (no shield)
rNeg     + + +     Faith    .   b - +0 leather armour
rPois    ∞         Spirit   .   (no helmet)
rElec    .         Reflect  .   (no cloak)
rCorr    .         Harm     .   (no gloves)
MR       .....                  (no boots)
Stlth    +.........             (no amulet)
Regen    0.1/turn               (no ring)
MPRegen  0.1/turn               (no ring)

@: no status effects
A: no food or potions, fire vulnerability, cold resistance 1, negative energy
resistance 3, torment resistance, unbreathing
a: Depart the Abyss, Renounce Religion


You were on level 1 of the Dungeon.
You worshipped Lugonu.
Lugonu was aware of your devotion.
You were not hungry.

You visited 1 branch of the dungeon, and saw 2 of its levels.
You visited the Abyss 1 time.

You collected 53 gold pieces.

Inventory:

Hand Weapons
 a - a +1 mace (weapon)
Missiles
 g - 5 javelins (quivered)
Armour
 b - a +0 leather armour (worn)
Scrolls
 c - a scroll of enchant weapon {unknown}
 d - a scroll of identify {unknown}
 e - 2 scrolls of remove curse {unknown}
 f - a scroll of immolation {unknown}
 h - a scroll of blinking {unknown}


   Skills:
 - Level 3.0 Fighting
 * Level 2.6 Maces & Flails
 - Level 1.5 Armour
 - Level 0.7 Dodging
 * Level 1.9 Invocations


You had one spell level left.
You didn't know any spells.

Dungeon Overview and Level Annotations

Branches:
Dungeon (2/15)

Altars:


Innate Abilities, Weirdness & Mutations

You do not eat or drink.
Your flesh is vulnerable to fire.
You are immune to poison.
Your flesh is cold resistant. (rC+)
You are immune to negative energy. (rN+++)
You are immune to unholy pain and torment.
You can survive without breathing.


Message History

You are too injured to fight recklessly!
You are too injured to fight recklessly!
You are too injured to fight recklessly!
Unknown command.
The goblin hits you but does no damage.
There is a stone staircase leading up here.
The quokka bites you.
* * * LOW HITPOINT WARNING * * *
You climb upwards.
There is a stone staircase leading down here.
The quokka barely misses you. The quokka bites you.
* * * LOW HITPOINT WARNING * * *
You closely miss the quokka.
The quokka is moderately wounded.
The quokka bites you.
* * * LOW HITPOINT WARNING * * *
You closely miss the quokka.
The quokka is moderately wounded.
The quokka bites you.
You die...

.# ##.## #.# #.# .########### #.#
#.# #### ...........## #.# #.#
#...
#########...########.###.#####.##
#...#..........##.......)..
#.#..>###########..........
#......# #....###.##
#..###.###########.######## #..#
#..^.@>.....###....###
##.###.....r....##........#
#......#########..........
###.##.########...........
#.##.#..†...#...........
#.##.#.######....####...
#.##.#.## #<.### ###. #.##....#
###### ## #.####..# #....### ###.


You could see a quokka.

Vanquished Creatures
  A gnoll (D:1)
  A bat (D:1)
  2 giant cockroaches (D:1)
  A goblin (D:2)
  4 hobgoblins (D:1)
  3 jackals (D:1)
  A ball python (D:1)
13 creatures vanquished.

Notes
Turn   | Place    | Note
-------+----------+-------------------------------------------
     0 | Abyss:1  | Kurtz the Mummy Abyssal Knight began the quest for the Orb.
     0 | Abyss:1  | Reached XP level 1. HP: 18/18 MP: 2/2
     8 | D:1      | Escaped the Abyss
   153 | D:1      | Reached XP level 2. HP: 13/24 MP: 3/3
  1119 | D:1      | Slain by a quokka

Vault maps used:
D:1:      minmay_arrival_loop
D:2:      overflow_temple_1_default, chequers_ecumenical_altar_simple_redux

Skill      XL: |  1 |
---------------+----+-----
Maces & Flails | 2 |  2.6
Fighting       | |  3.0
Armour         | |  1.5
Dodging        | |  0.7
Invocations    | |  1.9

Action                   || total
-------------------------++-------
Melee: Mace              ||    45
Armor: Leather armour    ||     7
Dodge: Dodged            ||    36
